 Dungeon Crawl Stone Soup version 0.31-a0-833-gc15d34cb79 (webtiles) character file.

Game seed: 9756199137172946856

10822 adelrune the Grappler (level 11, -4/107 HPs)
             Began as a Troll Shapeshifter on Sept 25, 2023.
             Was a Follower of Qazlal.
             Slain by an 11-headed hydra (6 damage)
             ... on level 2 of the Lair of Beasts.
             The game lasted 00:21:51 (8135 turns).

adelrune the Grappler (Troll Shapeshifter)          Turns: 8135, Time: 00:21:53

Health: -4/107     AC:  7    Str: 28    XL:     11   Next: 41%
Magic:  13/13      EV: 11    Int:  6    God:    Qazlal [*.....]
Gold:   559        SH:  2    Dex:  9    Spells: 10/10 levels left

rFire   + .          .
                       - Unarmed
rCold   . . .        (no shield)
rNeg    . . .        E - +0 steam dragon scales
rPois   .            (helmet currently unavailable)
rElec   .            L - melded +1 cloak "Rutucik" {Slay+6}
rCorr   .            (gloves unavailable)
SInv    .            (boots unavailable)
Will    .....        y - amulet of regeneration
Stlth   +            q - +4 ring of slaying
HPRegen 1.97/turn    f - ring of protection from fire
MPRegen 0.13/turn

%: no passive effects
@: beast-form
A: beast (slay +4), large, unfitting armour, claws 3, regeneration 1, shaggy fur
1, tough skin 1, mutation resistance 1
a: Begin Untransformation, Renounce Religion


You were on level 2 of the Lair of Beasts.
You worshipped Qazlal.
Qazlal was aware of your devotion.
You were a hulking beast.
You visited 3 branches of the dungeon, and saw 11 of its levels.

You collected 559 gold pieces.

Inventory:

Hand Weapons
 b - a +0 sling
 z - the +4 rapier of Zeque {elec, rPois Str+3 Stlth+}
   (You took it off a gnoll bouda on level 3 of the Dungeon)

   Str+3:     It affects your strength (+3).
   rPois:     It protects you from poison Stlth+: It makes you more stealthy.
Missiles
 A - 2 throwing nets
Armour
 a - a +0 animal skin
 E - +0 steam dragon scales (worn)
 L - the +1 cloak "Rutucik" (melded) {Slay+6}
   (You found it on level 7 of the Dungeon)

   Slay+6:    It affects your accuracy & damage with ranged weapons and melee
   (+6).
Jewellery
 f - a ring of protection from fire (right claw)
 q - a +4 ring of slaying (left claw)
 u - a +6 ring of intelligence
 y - an amulet of regeneration (around neck)
 I - a ring of ice
Talismans
 c - a beast talisman (active)
 d - a flux talisman
Wands
 w - a wand of mindburst (18)
 C - a wand of paralysis (14)
 G - a wand of flame (15)
 M - a wand of polymorph (5)
 O - a wand of digging (6)
Scrolls
 g - 4 scrolls of enchant weapon {unknown}
 l - 10 scrolls of teleportation
 m - 5 scrolls of revelation
 o - a scroll of noise {unknown}
 p - a scroll of brand weapon {unknown}
 t - 2 scrolls of immolation {unknown}
 v - 2 scrolls of poison {unknown}
 x - 4 scrolls of blinking {unknown}
 D - 2 scrolls of butterflies
 F - a scroll of torment {unknown}
 H - 4 scrolls of identify
 J - a scroll of amnesia {unknown}
 N - a scroll of enchant armour {unknown}
Potions
 e - 2 potions of mutation
 h - a potion of lignification
 i - a potion of brilliance {unknown}
 j - 2 potions of curing
 k - 3 potions of attraction
 n - 3 potions of haste {unknown}
 r - a potion of degeneration {unknown}
 s - a potion of heal wounds {unknown}
 B - 6 potions of resistance
 K - 2 potions of enlightenment {unknown}


   Skills:
 + Level 6.6 Fighting
 + Level 6.7 Dodging
 * Level 11.6 Unarmed Combat
 + Level 4.1 Invocations
 + Level 7.8 Shapeshifting


You had 10 spell levels left.
You didn't know any spells.
Your spell library contained the following spells:

 Spells                   Type           Power      Damage    Failure   Level
 Apportation              Tloc           0%         N/A       45%         1
 Necrotise                Necr           0%         1d4       45%         1
 Shock                    Conj/Air       0%         1d3       45%         1
 Summon Small Mammal      Summ           0%         N/A       45%         1
 Blink                    Tloc           0%         N/A       58%         2
 Cigotuvi's Dreadful Rot  Necr/Pois/Air  0%         N/A       58%         2
 Static Discharge         Conj/Air       0%         2-2/arc   58%         2
 Dazzling Flash           Conj/Hex       0%         N/A       83%         3
 Inner Flame              Hex/Fire       0%         N/A       83%         3
 Swiftness                Air            0%         N/A       83%         3
 Airstrike                Air            0%         2d(0-16)  99%         4
 Dispel Undead            Necr           0%         3d6       99%         4
 Flame Wave               Conj/Fire      0%         2d4       99%         4
 Manifold Assault         Tloc           0%         N/A       99%         4
 Sticky Flame             Conj/Fire      0%         2d3       99%         4
 Summon Lightning Spire   Summ/Air       0%         N/A       99%         4
 Death Channel            Necr           0%         N/A       100%        6
 Dispersal                Tloc           0%         N/A       100%        6
 Disjunction              Tloc           0%         N/A       100%        8
 Infestation              Necr           0%         N/A       100%        8


Dungeon Overview and Level Annotations

Branches:
Dungeon (8/15)             Temple (1/1) D:7            Lair (2/5) D:8
  Swamp: Lair:2-3    Shoals: Lair:2-3     Snake: Lair:2-3    Spider: Lair:2-3

Altars:
Ashenzari
Cheibriados
Dithmenos
Elyvilon
Fedhas
Gozag
Hepliaklqana
Kikubaaqudgha
Makhleb
Nemelex Xobeh
Okawaru
Qazlal
Ru
Sif Muna
Trog
Uskayaw
Vehumet
Wu Jian
Xom
Yredelemnul
Zin
The Shining One

Shops:
D:4 (   D:8 [


Innate Abilities, Weirdness & Mutations

You are a hulking beast.
Your limbs bulge with bestial killing power. (Slay +4)
You are too large for most types of armour.
You have claws for hands.
Your natural rate of healing is unusually fast.
You are covered in fur. (AC +1)
You have tough skin. (AC +1)
You are somewhat resistant to further mutation.


Message History

The bullfrog is severely wounded.
The bullfrog closely misses you.
You scratch the bullfrog. You claw the bullfrog.
You kill the bullfrog!
Qazlal accepts your kill.
You begin transforming.
You continue transforming. x3
Your transformation has ended.
The +1 cloak "Rutucik" {Slay+6} unmelds from your body.
You turn into something dangerously unstable.
The 11-headed hydra roars!
The blink frog blinks!
You climb upwards.
There is a stone staircase leading down, spattered with blood here.
You begin transforming.
You continue transforming. x3
Your transformation has ended.
You turn into a hulking beast.
The +1 cloak "Rutucik" {Slay+6} melds into your body.
You climb downwards.
The blink frog hits you. The 11-headed hydra bites you! x2
The 11-headed hydra bites you. The 11-headed hydra bites you!
The 11-headed hydra bites you but does no damage.
The 11-headed hydra bites you. The 11-headed hydra barely misses you.
The 11-headed hydra bites you. The 11-headed hydra bites you!
The 11-headed hydra closely misses you. The 11-headed hydra bites you.
The blink frog hits you!
* * * LOW HITPOINT WARNING * * *
The blink frog blinks!
There is a stone staircase leading up, spattered with blood here.
The 11-headed hydra bites you.
* * * LOW HITPOINT WARNING * * *
The 11-headed hydra bites you.
* * * LOW HITPOINT WARNING * * *
The 11-headed hydra completely misses you.
The 11-headed hydra bites you!
* * * LOW HITPOINT WARNING * * *
The 11-headed hydra bites you!
* * * LOW HITPOINT WARNING * * *
The 11-headed hydra bites you.
* * * LOW HITPOINT WARNING * * *
The 11-headed hydra closely misses you. The 11-headed hydra bites you.
You die...

...####.####P..
#... ........F.
...............
#................
...............
..#P.....P/..
#..☼........ .
#.h§........
...#D§.........
...............
...#...<.....#
.....#...........
#......).......#.
.....P.#.#..#.##
................
....... .... ..


You could see a 11-headed hydra and a blink frog.

Vanquished Creatures
  3 death yaks (D:8)
  A black mamba (Lair:1)
  Maggie (D:6)
  2 cane toads (Lair:1)
  5 komodo dragons (Lair:1)
  Grinder (D:4)
  6 blink frogs (Lair:1)
  Sigmund (D:2)
  3 wyverns (Lair:1)
  5 yaks (D:8)
  2 steam dragons (D:5)
  Menkaure (D:4)
  4 acid dragons
  A water moccasin (Lair:1)
  An orc warrior (D:8)
  3 sky beasts (D:7)
  Pargi (D:4)
  2 ice beasts
  A black bear (D:3)
  An ogre (D:4)
  A centaur (D:8)
  2 kobold brigands
  2 phantoms
  6 bullfrogs
  3 scorpions
  4 howler monkeys
  5 jellies
  An orc priest (D:8)
  6 hounds
  Ijyb (D:3)
  3 gnoll boudas
  2 iguanas (D:7)
  3 orc wizards
  A sleepcap (D:5)
  A hell rat (D:8)
  Robin (D:4)
  28 gnolls
  10 adders
  A river rat (D:8)
  A white imp (D:7)
  An ufetubus (D:5)
  7 dart slugs
  37 orcs
  13 ball pythons
  A bat (D:1)
  5 endoplasms
  6 giant cockroaches
  10 goblins
  9 hobgoblins
  17 jackals
  7 kobolds
  2 quokkas
  3 frilled lizards (D:3)
  2 rats (D:1)
247 creatures vanquished.

Notes
Turn   | Place    | Note
-------+----------+-------------------------------------------
     0 | D:1      | adelrune the Troll Shapeshifter began the quest for the
                  | Orb.
     0 | D:1      | Reached XP level 1. HP: 18/18 MP: 0/0
   344 | D:1      | Reached skill level 1 in Fighting
   440 | D:1      | Reached XP level 2. HP: 27/27 MP: 1/1
   863 | D:2      | Reached XP level 3. HP: 33/33 MP: 2/2
   990 | D:2      | Noticed Sigmund
   995 | D:2      | Killed Sigmund
   996 | D:2      | Reached skill level 4 in Unarmed Combat
   996 | D:2      | Reached XP level 4. HP: 42/42 MP: 3/3
   996 | D:2      | Reached XP level 5. HP: 49/49 MP: 4/4
  1189 | D:2      | Got a conspicuous book
  1608 | D:3      | Reached XP level 6. HP: 57/57 MP: 5/5
  1748 | D:3      | Noticed Ijyb
  1758 | D:3      | Killed Ijyb
  1782 | D:3      | Reached skill level 5 in Unarmed Combat
  2032 | D:3      | Reached XP level 7. HP: 66/66 MP: 6/6
  2101 | D:3      | Identified the +4 rapier of Zeque {elec, rPois Str+3
                  | Stlth+}
  2205 | D:3      | Gained mutation: You are somewhat resistant to further
                  | mutation. [potion of mutation]
  2208 | D:3      | Reached skill level 6 in Unarmed Combat
  2817 | D:4      | Reached XP level 8. HP: 61/75 MP: 7/7
  2907 | D:4      | Noticed Robin
  2918 | D:4      | Killed Robin
  2925 | D:4      | Noticed Pargi
  2931 | D:4      | Killed Pargi
  3002 | D:4      | Noticed Menkaure
  3007 | D:4      | Killed Menkaure
  3008 | D:4      | Reached skill level 7 in Unarmed Combat
  3008 | D:4      | Reached skill level 5 in Shapeshifting
  3375 | D:4      | Found Lieli's Weapon Boutique.
  3458 | D:4      | Noticed Grinder
  3464 | D:4      | Killed Grinder
  3714 | D:5      | Entered Level 5 of the Dungeon
  3922 | D:5      | Reached skill level 8 in Unarmed Combat
  4170 | D:5      | Reached XP level 9. HP: 71/84 MP: 8/8
  4726 | D:6      | Noticed Maggie
  4743 | D:6      | Killed Maggie
  4744 | D:6      | Reached skill level 5 in Dodging
  5191 | D:7      | Reached skill level 9 in Unarmed Combat
  5296 | D:7      | Reached skill level 5 in Fighting
  5401 | D:7      | Found a transporter.
  5425 | D:7      | Found a staircase to the Ecumenical Temple.
  5535 | Temple   | Entered the Ecumenical Temple
  5546 | Temple   | Became a worshipper of Qazlal Stormbringer
  5567 | D:7      | Found a glowing silver altar of Zin.
  5763 | D:7      | Found a transporter.
  5802 | D:7      | Identified the +1 cloak "Rutucik" {Slay+6}
  5916 | D:8      | Found Xecuig's Armour Shop.
  5926 | D:8      | Reached skill level 1 in Invocations
  5929 | D:8      | Reached XP level 10. HP: 64/96 MP: 9/9
  6159 | D:8      | Noticed a death yak
  6173 | D:8      | Noticed a death yak
  6174 | D:8      | Killed a death yak
  6175 | D:8      | Reached skill level 10 in Unarmed Combat
  6189 | D:8      | Noticed a death yak
  6202 | D:8      | Killed a death yak
  6206 | D:8      | Killed a death yak
  6298 | D:8      | Reached * piety under Qazlal
  6504 | D:8      | Found a staircase to the Lair.
  6654 | D:8      | Identified the +0 hand axe of Premature Burial {heavy, rF+
                  | Will+ Str+3 Dex-2}
  7139 | Lair:1   | Entered Level 1 of the Lair of Beasts
  7212 | Lair:1   | Noticed a cane toad
  7221 | Lair:1   | Killed a cane toad
  7323 | Lair:1   | Reached skill level 11 in Unarmed Combat
  7323 | Lair:1   | Reached XP level 11. HP: 95/105 MP: 12/12
  7904 | Lair:1   | Found the +0 toga "Victory" {*Victory Clar}
  7991 | Lair:2   | Noticed a seven-headed hydra
  8135 | Lair:2   | HP: 2/107 [11-headed hydra (5)]
  8135 | Lair:2   | Slain by an 11-headed hydra

Illustrated notes

Levels and vault maps discovered:
D:1:      sevenhm_arrival_forest_fort_small_6, layout_loops_corners,
          nicolae_concentric_dashed_squares_wild
D:2:      layout_basic, minmay_snake_closets, uniq_sigmund
D:3:      lemuel_castle_with_subvaults [lemuel_castle_interior_original],
          layout_basic, uniq_ijyb
D:4:      layout_gridville, serial_shops, shop, kennysheep_pointless_box,
          uniq_grinder, uniq_robin, uniq_menkaure, uniq_pargi
D:5:      kennysheep_steamy, layout_basic
D:6:      layout_cave_pods, uniq_maggie
D:7:      gammafunk_cloud_chamber, layout_gridville, zin_scriptorium,
          temple_pool_b
D:8:      layout_loops_corners, dpeg_lair_monsters, serial_shops, shop,
          st_stairs_6, kennysheep_generic_room_7
Temple:   grunt_wide_crystal_templ
Lair:1:   layout_regular_city, minmay_holes
Lair:2:   layout_chaotic_city, minmay_shoals_entry_hut,
          spider_nest_entry_rubble, lemuel_fruit_fields, lemuel_fruit_tree

Skill      XL: |  1  2  3  4  5  6  7  8  9 10 11 |
---------------+----------------------------------+-----
Fighting       | 1 2 3 4 5 6 |  6.6
Dodging        | 2 3 4 5 6 |  6.7
Unarmed Combat | 4 5 6 8 9 11 | 11.6
Shapeshifting  | 4 5 6 7 |  7.8
Invocations    | 1 3 4 |  4.1

Action                     |  1- 3 |  4- 6 |  7- 9 | 10-12 || total
---------------------------+-------+-------+-------+-------++-------
  Melee: Unarmed           |    23 |    29 |   293 |   176 ||   521
         Punch             |       |       |     2 |     3 ||     5
   Fire: Sling             |    42 |    97 |    50 |       ||   189
  Evoke: Wand              |       |       |       |     5 ||     5
    Use: Potion            |     1 |       |     3 |     1 ||     5
         Scroll            |       |       |     5 |     1 ||     6
 Armour: Animal skin       |    21 |    27 |   122 |       ||   170
         Steam dragon scal |       |       |    51 |   148 ||   199
  Dodge: Dodged            |    17 |    15 |   124 |    92 ||   248
  Block: Other             |       |       |       |     4 ||     4
   Form: Flux              |       |       |     2 |     1 ||     3
         Beast             |       |       |     1 |     2 ||     3

Table legend: (Time is in decaauts)
 A = Elapsed time spent in this place.
 B = Non-inter-level travel time spent in this place.
 C = Inter-level travel time spent in this place.
 D = Time resting spent in this place.
 E = Time spent auto-exploring this place.
 F = Levels seen in this place.
 G = Mean time per level.
                   A        B        C        D        E       F      G
               +--------+--------+--------+--------+--------+-----+--------+
         Total |   8124 |   7750 |    374 |    416 |   5636 |  11 |  738.5 |
       Dungeon |   7122 |   6780 |    342 |    342 |   5000 |   8 |  890.2 |
        Temple |     19 |     12 |      7 |      0 |      0 |   1 |   19.0 |
          Lair |    982 |    957 |     25 |     74 |    636 |   2 |  491.0 |
               +--------+--------+--------+--------+--------+-----+--------+

Top non-repeatable levels by time:
     D:3: 1362 daAuts
     D:8: 1211 daAuts
  Lair:1: 960 daAuts
     D:4: 903 daAuts
     D:1: 868 daAuts
     D:6: 808 daAuts
     D:7: 719 daAuts
     D:2: 629 daAuts
     D:5: 619 daAuts
  Lair:2: 21 daAuts
  Temple: 19 daAuts
